 Dungeon Crawl Stone Soup version 0.30.1-1-g62c8e00024 (webtiles) character file.

Game seed: 7466271539395175766

136 monsoonserge the Insei (level 5, -4/49 HPs)
             Began as an Octopode Transmuter on July 17, 2023.
             Splashed by a jelly's acid (5 damage)
             ... on level 2 of the Dungeon.
             The game lasted 00:04:27 (1372 turns).

monsoonserge the Insei (Octopode Transmuter)        Turns: 1372, Time: 00:04:28

Health: -4/49      AC: 22    Str: 12    XL:     5   Next: 19%
Magic:  8/8        EV:  2    Int: 15    God:
Gold:   67         SH:  0    Dex: 12    Spells: 5/8 levels left

rFire   . .          .
                       - Unarmed
rCold   . . .        (no shield)
rNeg    . . .        (helmet currently unavailable)
rPois   +            d - amulet of magic regeneration
rElec   .            k - +4 ring of protection
rCorr   .            n - ring of see invisible
SInv    +            (no ring)
Will    .....        (no ring)
Stlth   ++           (no ring)
HPRegen 0.28/turn    (no ring)
MPRegen 0.51/turn    (no ring)
                     (no ring)

%: no passive effects
@: tree-form, corroded
A: stationary, stasis, torment immunity, boosted hp, almost no armour,
(amphibious), 8 rings, (camouflage 1), (gelatinous body 1), (nimble swimmer 1),
(tentacles)
a: no special abilities


You were on level 2 of the Dungeon.
You were a tree.
You visited 1 branch of the dungeon, and saw 2 of its levels.

You collected 67 gold pieces.

Inventory:

Missiles
 j - 4 atropa-tipped darts
Jewellery
 d - an amulet of magic regeneration (around neck)
 k - a +4 ring of protection (left branch)
 n - a ring of see invisible (right branch)
Scrolls
 c - a scroll of amnesia {unknown}
 e - a scroll of blinking {unknown}
 g - a scroll of fear {unknown}
 h - a scroll of acquirement {unknown}
 l - 2 scrolls of identify {unknown}
 m - a scroll of fog {unknown}
 p - a scroll of teleportation {unknown}
 q - a scroll of noise {unknown}
Potions
 b - a potion of berserk rage {unknown}
 f - a potion of attraction {unknown}
 i - a potion of flight {unknown}
 o - a potion of cancellation {unknown}


   Skills:
 - Level 1.0 Fighting
 - Level 2.0 Dodging
 - Level 1.0 Stealth
 * Level 5.6 Unarmed Combat
 - Level 2.0 Spellcasting
 - Level 2.0 Transmutations


You had 5 spell levels left.
You knew the following spells:

 Your Spells              Type           Power      Damage    Failure   Level
a - Beastly Appendage     Tmut           14%        N/A       10%         1
b - Wereblood             Tmut           7%         N/A       14%         2

Your spell library contained the following spells:

 Spells                   Type           Power      Damage    Failure   Level
 Sandblast                Erth           2%         2d4       22%         1
 Passwall                 Tmut/Erth      3%         N/A       22%         2
 Spider Form              Tmut/Pois      4%         N/A       41%         3
 Stone Arrow              Conj/Erth      2%         3d7       54%         3
 Ice Form                 Ice/Tmut       4%         N/A       82%         4


Dungeon Overview and Level Annotations

Branches:
Dungeon (2/15)

Altars:

Shops:
D:1 [


Innate Abilities, Weirdness & Mutations

You are a tree.
Your roots penetrate the ground, keeping you stationary.
You cannot be teleported.
You are immune to unholy pain and torment.
Your maximum health is greatly increased.
You cannot wear most types of armour.
((You are amphibious.))
You can wear up to eight rings at the same time.
((Your skin changes colour to match your surroundings (Stealth+).))
((Your rubbery body absorbs attacks. (AC +1, EV +1)))
((You are camouflaged when in or above water. (Stealth+)))
((You have tentacles for arms and can constrict up to eight enemies at once.))


Message History

The endoplasm is lightly wounded.
The endoplasm barely misses you.
You tentacle-slap the endoplasm.
You pierce the endoplasm.
You squeeze the endoplasm.
You feel a bit better.
You kill the endoplasm!
Your tentacle spike disappears.
You tentacle-slap the endoplasm.
The endoplasm is heavily wounded.
The endoplasm barely misses you.
You tentacle-slap the endoplasm but do no damage.
Your squeeze misses the endoplasm.
The endoplasm is heavily wounded.
Your primal bloodlust has ended.
The endoplasm freezes you.
You are frozen.
* * * LOW HITPOINT WARNING * * *
You barely miss the endoplasm. You tentacle-slap the endoplasm.
The endoplasm is heavily wounded.
The endoplasm freezes you.
You are frozen.
* * * LOW HITPOINT WARNING * * *
You tentacle-slap the endoplasm.
You squeeze the endoplasm, but do no damage.
The endoplasm is almost dead.
The endoplasm freezes you.
You are frozen.
* * * LOW HITPOINT WARNING * * *
Unknown command.
You tentacle-slap the endoplasm.
You kill the endoplasm!
You aren't carrying any items that you can evoke.
Really quaff the potion of lignification?
You turn into a tree.
Your roots penetrate the ground.
The jelly barely misses you.
You hit the jelly.
Your branches burn!
* * * LOW HITPOINT WARNING * * *
The jelly is moderately wounded.
The jelly hits you but does no damage.
You smack the jelly!
Your branches burn!
You die...

.#.#.#.###.....##...†......#
.#.#.#.........##.##########
.#.#.#.........##.#
.#.#..†...........#
.#.#.........######
.#.#.######### ########
.#.#.# ##########....÷.#
.#.#.####......##J......#
.#.#..##.......#♣#......#
.#.#..'........#.#P.÷P..#
.)<((.'........#)#JJ..J.#
##.#..'......#'#.#.P....#
......##.....#.#.#÷...J.#
.#....###....#.#.#....PP#
.#....# #######.##J....!#
.##.#.##### ### ...........


You could see a jelly.

Vanquished Creatures
  2 jellies (D:2)
  An adder (D:2)
  3 worms (D:2)
  A ball python (D:2)
  4 bats
  14 endoplasms
  2 giant cockroaches
  A goblin (D:1)
  7 hobgoblins
  2 quokkas (D:1)
  2 frilled lizards
  14 kobolds
  2 rats (D:1)
55 creatures vanquished.

Notes
Turn   | Place    | Note
-------+----------+-------------------------------------------
     0 | D:1      | monsoonserge the Octopode Transmuter began the quest for
                  | the Orb.
     0 | D:1      | Reached XP level 1. HP: 13/13 MP: 3/3
   128 | D:1      | Reached XP level 2. HP: 18/18 MP: 3/5
   223 | D:1      | Found Guypen's Armour Emporium.
   375 | D:1      | Reached skill level 4 in Unarmed Combat
   455 | D:1      | Reached XP level 3. HP: 23/23 MP: 6/6
  1045 | D:1      | Learned a level 2 spell: Wereblood
  1239 | D:2      | Reached skill level 1 in Stealth
  1239 | D:2      | Reached XP level 4. HP: 22/28 MP: 7/7
  1357 | D:2      | Reached skill level 5 in Unarmed Combat
  1360 | D:2      | Reached XP level 5. HP: 9/33 MP: 8/8
  1371 | D:2      | HP: 1/49 [acid (4)]
  1372 | D:2      | Splashed by a jelly's acid

Illustrated notes

Levels and vault maps discovered:
D:1:      elethiomel_arrival_quiet, layout_basic, serial_shops,
          nicolae_shop_just_a_little_nook, kennysheep_another_room
D:2:      cheibrodos_fertilizer, layout_basic, basic_altar

Skill      XL: |  1  2  3  4 |
---------------+-------------+-----
Unarmed Combat | 4 5 |  5.6
Stealth        | 1 |  1.0
Fighting       | |  1.0
Dodging        | |  2.0
Spellcasting   | |  2.0
Transmutations | |  2.0

Action                     |  1- 3 |  4- 6 || total
---------------------------+-------+-------++-------
  Melee: Unarmed           |    79 |    31 ||   110
         Kick              |    25 |     6 ||    31
         Tentacles         |    23 |     6 ||    29
         Constrict         |    21 |     1 ||    22
         Punch             |     2 |     2 ||     4
   Cast: Beastly Appendage |    20 |     5 ||    25
         Wereblood         |       |     1 ||     1
    Use: Potion            |       |     1 ||     1
   Stab: Sleeping          |     5 |     1 ||     6
 Armour: Skin              |    16 |     1 ||    17
  Dodge: Dodged            |    49 |    12 ||    61
